Map: Old Republic LE

Players

Sindyr

  • Race: Zerg Zerg
  • League: Gold
  • Spawn Location: 1:00

MoogerFooger - Winner!

  • Race: Protoss Protoss
  • League: Gold
  • Spawn Location: 7:00

VOD

Have the link to the VOD?

Description

Time

  • Played on: Nov. 13, 2025, 3:12 p.m.
  • Length: 12:15
Show
View Real Time Build Order
Export as new Build Order

Sindyr Zerg 

Build Orders: 3 Hatch before Pool 

Get SALT Encoding   

  12  0:05  Drone  
  13  0:18  Drone  
  14  0:23  Extractor x2  
  14  0:24  Drone  
  14  0:25  Drone  
  16  0:41  Overlord  
  16  0:56  Overlord  
  16  1:03  Hatchery  
  15  1:24  Hatchery  
  14  1:26  Drone  
  15  1:35  Extractor  
  14  1:45  Spawning Pool  
  13  1:48  Drone  
  15  2:33  Queen x2  
  15  2:37  Drone x3  
  22  2:44  Roach Warren  
  21  2:53  Spine Crawler  
  21  2:57  Spine Crawler  
  19  3:04  Spine Crawler  
  16  3:47  Spine Crawler  
  15  3:52  Zergling x4  
  15  3:53  Zergling x2  
  20  3:55  Roach  
  20  3:56  Roach x3  
  26  4:45  Zergling x16  
  23  5:01  Drone  
  23  5:02  Drone x2  
  23  5:19  Zergling x2  
  23  5:20  Zergling x6  
  25  5:22  Zergling x2  
  24  5:29  Roach  
  25  5:43  Spore Crawler  
  25  5:46  Spore Crawler  
  21  5:57  Zergling x2, Roach  
  16  6:32  Drone  
  15  6:33  Drone x5  
  20  7:09  Drone  
  20  7:10  Drone x4  
  20  7:12  Drone  
  21  7:59  Roach  
  23  8:20  Drone x10  
  23  8:21  Drone x3  
  23  8:22  Spawning Pool  
  35  8:38  Spawning Pool  
  35  9:11  Extractor  
  35  9:13  Hatchery  
  33  9:20  Overlord x2  
  33  9:24  Hatchery  
  32  9:49  Zergling x12  
  32  9:50  Zergling x28  
  50  9:54  Zergling x2  
  50  10:04  Overlord  
  49  10:14  Overlord x2  
  49  10:17  Overlord  
  34  10:37  Spine Crawler  
  34  10:38  Spine Crawler x2  
  34  10:40  Queen  
  33  10:45  Roach  
  33  10:48  Roach  
  37  10:58  Drone x3  
  40  11:22  Queen  
  40  11:23  Queen  
  44  11:38  Roach x3  
  50  11:41  Roach  
  52  11:50  Drone x4  
  52  11:53  Drone  
Show
View Real Time Build Order
Export as new Build Order

MoogerFooger Protoss - Winner!

Build Orders:  

Get SALT Encoding   

  12  0:19  Pylon  
  12  0:20  Probe  
  13  0:35  Probe  
  14  0:50  Forge  
  14  0:53  Probe  
  15  1:06  Probe  
  16  1:12  Assimilator, Pylon  
  16  1:18  Probe  
  17  1:32  Gateway  
  17  1:33  Gateway  
  17  1:40  Gateway  
  17  1:49  Pylon  
  17  2:00  Photon Cannon  
  17  2:21  Zealot x2  
  21  2:27  Probe  
  22  2:38  Zealot  
  22  2:39  Probe  
  25  2:47  Cybernetics Core  
  25  2:50  Pylon  
  25  3:18  Zealot x2  
  29  3:21  Zealot  
  31  3:29  Probe  
  31  3:33  Assimilator  
  32  3:41  Probe  
  31  3:43  Shield Battery  
  31  3:44  Shield Battery  
  31  3:52  Pylon  
  31  3:53  Probe  
  32  4:05  Probe  
  29  4:12  Zealot x3  
  33  4:31  Pylon  
  32  5:03  Stargate  
  32  5:12  Nexus  
  30  5:15  Zealot  
  34  5:27  Robotics Facility  
  34  5:32  Zealot  
  34  5:40  Warp Gate  
  34  5:45  Stargate  
  34  5:47  Zealot  
  36  6:03  Probe  
  37  6:15  Zealot, Probe  
  32  6:27  Probe  
  32  6:29  Void Ray  
  33  6:39  Void Ray  
  37  6:49  Assimilator  
  37  7:01  Probe  
  38  7:13  Probe  
  39  7:19  Gateway  
  39  7:22  Warp Prism  
  41  7:25  Probe  
  46  7:37  Probe  
  46  7:40  Void Ray  
  46  7:42  Stalker  
  49  7:47  Stalker  
  49  7:50  Probe  
  54  8:11  Void Ray  
  54  8:24  Nexus  
  54  8:45  Void Ray  
  54  8:48  Assimilator  
  58  9:01  Void Ray  
  62  9:25  Probe  
  62  9:26  Probe  
  64  9:34  Pylon  
  64  9:37  Probe, Stalker  
  64  9:38  Stalker x2, Probe  
  72  9:49  Probe  
  72  9:50  Probe  
  72  10:00  Void Ray x2  
  72  10:01  Probe  
  72  10:02  Probe  
  82  10:13  Probe  
  82  10:14  Stalker  
  85  10:33  Probe x2  
  92  10:42  Void Ray  
  92  10:50  Probe  
  92  11:02  Probe, Pylon  
  92  11:03  Pylon  
  93  11:07  Pylon  
  93  11:09  Pylon  
  93  11:20  Probe  
  98  11:26  Void Ray  
  98  11:31  Stalker  
  98  11:32  Stalker x3, Probe  
  107  11:35  Gateway  
  107  11:37  Gateway  
  107  11:39  Assimilator  
  107  11:43  Assimilator  
  107  11:44  Probe  
  108  11:47  Twilight Council  
  108  11:50  Pylon  
  108  11:53  Pylon  
Tags
 
Add a new tag
Caveats
  • Supply blocks, unpowered buildings, or Contaminate may cause inaccurate times.
  • Supply counts are checked every 10 seconds.